AoeStats
← 白鹿城拉车车

Black Forest

506109377Analyzed
4v4 RM · 19d ago on Sep 12, 2026· 71m 46s· 8 players
Game mode
Random Map
Map size
Large (8 player)
Population
200
Speed
Normal
Resources
Standard
Victory
Conquest
Starting age
Dark Age
Ending age
Imperial Age
RankedLock teamsTeams togetherTeam positionsShared explorationLock speedFull tech treeHidden civsTurbo modeCheats
Victory
Defeat
🇹🇼 Slavs · Taiwan
1466
+12
🇨🇭 Mongols · Switzerland
1446
+13
🇵🇪 Khmer · Peru
1442
+13
🇻🇳 Japanese · Vietnam
1302
+19
🇨🇳 Georgians · China
1390
-15
🇭🇰 Mongols · Hong Kong SAR China
1389
-15
🇭🇰 Poles · Hong Kong SAR China
1381
-14
🇨🇳 Franks · China
1343
-13
默默发育
0:54 Loom
11:14 Feudal Age
15:15 Castle Age
13:39 Double-Bit Axe
22:41 Wheelbarrow
24:47 Gold Mining
25:17 Bow Saw
30:11 Imperial Age
27:50 Scale Mail Armor
27:58 Stone Mining
29:14 Forging
29:20 Chain Mail Armor
29:28 #83
30:16 Gold Shaft Mining
30:42 Hand Cart
30:13 Town Watch
31:32 Conscription
30:32 Elite Throwing Axeman
31:46 Plate Mail Armor
31:52 Iron Casting
32:32 Coinage
31:35 Elite Throwing Axeman
32:36 Town Patrol
35:13 Blast Furnace
35:15 Fletching
35:28 Padded Archer Armor
41:46 Scale Barding Armor
41:39 Bodkin Arrow
42:48 Banking
42:19 Caravan
42:09 Elite Skirmisher
42:56 Cavalier
43:36 Husbandry
42:57 Light Cavalry
54:23 Chain Barding Armor
54:51 Paladin
57:28 Plate Barding Armor
69:04 Chemistry
68:25 Ballistics
68:10 Siege Engineers
poor guy
1:41 Loom
11:59 Feudal Age
12:52 Horse Collar
16:43 Castle Age
15:18 Double-Bit Axe
17:49 Bow Saw
18:19 Heavy Plow
24:06 Wheelbarrow
26:55 Hand Cart
31:18 Imperial Age
30:21 Szlachta Privileges
30:29 Bloodlines
30:19 Husbandry
30:26 Scale Barding Armor
30:32 Forging
31:03 Gold Mining
31:03 Stone Mining
32:22 Conscription
33:27 Chemistry
32:28 Cavalier
34:10 Siege Engineers
34:27 Ballistics
37:27 Light Cavalry
44:15 Chain Barding Armor
44:31 Iron Casting
43:55 Winged Hussar
48:20 Blast Furnace
49:58 Crop Rotation
53:01 Caravan
AI (HD Version)
0:44 Loom
11:14 Feudal Age
12:06 Double-Bit Axe
17:10 Castle Age
18:01 Bow Saw
19:03 Horse Collar
22:44 Wheelbarrow
27:11 Fletching
28:41 Gold Mining
32:44 Imperial Age
30:52 Hand Cart
30:37 Stone Mining
31:10 Bodkin Arrow
31:15 Padded Archer Armor
32:54 Leather Archer Armor
33:06 Bloodlines
32:57 Husbandry
33:09 Thumb Ring
32:48 Capped Ram
33:15 Elite Mangudai
34:18 Siege Ram
35:03 Bracer
35:44 Light Cavalry
36:59 Drill
39:35 Chemistry
38:41 Siege Engineers
39:50 Scale Barding Armor
39:55 Forging
41:13 Chain Barding Armor
41:35 Ballistics
41:46 Parthian Tactics
41:30 Heavy Plow
42:07 Iron Casting
43:38 Caravan
43:34 Hussar
50:28 Onager
57:29 Blast Furnace
60:09 Heavy Scorpion
白鹿城拉车车
10:25 Feudal Age
13:54 Castle Age
12:10 Double-Bit Axe
12:09 Horse Collar
15:15 Bow Saw
22:18 Wheelbarrow
24:05 Hand Cart
23:36 Loom
24:25 Stone Mining
24:25 Gold Mining
25:19 Heavy Plow
28:59 Imperial Age
26:57 Forging
26:47 Scale Mail Armor
26:57 Padded Archer Armor
26:44 Treadmill Crane
28:02 Stone Shaft Mining
27:21 Town Watch
27:43 Man-at-Arms
28:10 Gambesons
28:26 Squires
28:11 Arson
28:43 Chain Mail Armor
29:04 Iron Casting
28:23 Fletching
28:33 Murder Holes
29:06 Svan Towers
29:19 Town Patrol
29:17 Guard Tower
29:48 Ballistics
29:02 Capped Ram
31:14 Chemistry
30:55 Crop Rotation
29:51 Long Swordsman
31:04 Plate Mail Armor
30:37 Arrowslits
31:55 Blast Furnace
31:50 Masonry
31:44 Bodkin Arrow
32:43 Keep
32:21 Masonry
31:36 Two-Handed Swordsman
32:32 Champion
33:35 Conscription
33:51 Hoardings
33:37 Scale Barding Armor
33:46 Siege Ram
34:09 Pikeman
35:14 Bracer
35:48 Architecture
35:26 Siege Engineers
35:02 Halberdier
37:11 Fortified Wall
37:47 Aznauri Cavalry
38:28 Caravan
41:55 Padded Archer Armor
43:02 Leather Archer Armor
44:27 Chain Barding Armor
44:44 Guilds
45:33 Elite Skirmisher
46:27 Elite Monaspa
54:58 Husbandry
55:08 Bloodlines
55:03 Light Cavalry
61:47 Coinage
65:00 Banking
Miru
12:05 Feudal Age
13:04 Horse Collar
13:11 Double-Bit Axe
16:08 Castle Age
16:34 Wheelbarrow
17:08 Bow Saw
17:40 Heavy Plow
20:06 Loom
23:53 Gold Mining
24:37 Stone Mining
29:19 Imperial Age
27:27 Gold Shaft Mining
27:45 Detinets
28:36 Hand Cart
28:39 Husbandry
28:50 Bloodlines
29:30 Ballistics
29:12 Scale Mail Armor
29:18 Scale Barding Armor
29:23 Forging
30:32 Conscription
29:34 Elite Boyar
31:48 Chain Barding Armor
32:03 Iron Casting
31:32 Caravan
33:06 Plate Barding Armor
34:44 Hoardings
35:12 Chemistry
34:08 Murder Holes
34:04 Fletching
36:46 Blast Furnace
36:27 Coinage
39:03 Banking
38:46 Siege Engineers
40:26 Fletching
43:28 Masonry
43:19 Bodkin Arrow
44:15 Light Cavalry
50:19 Onager
61:15 Scale Mail Armor
61:17 Squires
60:38 Man-at-Arms
60:38 Pikeman
63:32 Two-Man Saw
66:58 Crop Rotation
65:56 Hussar
67:44 Town Watch
CTM | KLIN
3:29 Loom
11:11 Feudal Age
14:06 Castle Age
12:42 Double-Bit Axe
12:39 Horse Collar
15:31 Bow Saw
16:13 Heavy Plow
22:07 Wheelbarrow
24:14 Hand Cart
28:20 Imperial Age
26:46 Gold Mining
26:46 Stone Mining
29:24 Ballistics
28:40 Pikeman
29:25 Heavy Scorpion
30:30 Conscription
30:11 Double Crossbow
29:36 Halberdier
31:13 Forging
31:05 Scale Mail Armor
32:07 Chemistry
32:15 Town Watch
33:09 Gold Shaft Mining
33:09 Stone Shaft Mining
33:26 Iron Casting
33:08 Chain Mail Armor
34:19 Siege Engineers
36:57 Blast Furnace
36:04 Scale Barding Armor
39:57 Chain Barding Armor
41:24 Crop Rotation
41:33 Plate Barding Armor
41:08 Husbandry
41:19 Bloodlines
40:29 Light Cavalry
42:20 Hussar
51:58 Caravan
lorddoc
1:22 Loom
10:56 Feudal Age
15:11 Castle Age
14:34 Double-Bit Axe
17:08 Bow Saw
19:17 Horse Collar
22:06 Wheelbarrow
24:46 Gold Mining
28:36 Imperial Age
26:57 Fletching
27:08 Padded Archer Armor
27:58 Bodkin Arrow
29:04 Leather Archer Armor
29:42 Conscription
30:02 Bracer
30:42 Bloodlines
30:32 Husbandry
30:40 Thumb Ring
31:13 Nomads
32:32 Chemistry
32:33 Heavy Plow
33:50 Parthian Tactics
32:47 Capped Ram
34:37 Ballistics
35:14 Siege Ram
38:18 Elite Mangudai
41:08 Caravan
43:46 Hand Cart
46:28 Drill
47:24 Onager
49:01 Coinage
49:08 Onager
51:45 Light Cavalry
52:47 Scale Barding Armor
52:53 Forging
62:55 Hussar
66:25 Chain Barding Armor
66:41 Iron Casting
72:07 Blast Furnace
Spartacus
1:00 Loom
10:08 Feudal Age
11:05 Arson
19:39 Castle Age
17:50 Double-Bit Axe
17:46 Horse Collar
19:04 Man-at-Arms
20:42 Bow Saw
20:33 Heavy Plow
21:30 Heavy Plow
25:53 Wheelbarrow
31:27 Imperial Age
29:39 Stone Mining
29:40 Gold Mining
29:42 Fletching
30:34 Treadmill Crane
31:15 Ballistics
31:27 Guard Tower
32:43 Padded Archer Armor
32:38 Bodkin Arrow
33:48 Chemistry
33:43 Gold Shaft Mining
33:33 Conscription
33:56 Bracer
33:39 Pikeman
34:19 Squires
34:31 Arrowslits
36:16 Two-Man Saw
35:21 Yasama
36:09 Murder Holes
37:17 Keep
38:18 Scale Mail Armor
38:29 Forging
39:07 Fortified Wall
40:18 Kataparuto
41:17 Coinage
40:48 Caravan
41:31 Elite Samurai
43:27 Iron Casting
43:08 Chain Mail Armor
43:35 Hand Cart
43:08 Town Watch
45:10 Blast Furnace
44:11 Padded Archer Armor
44:19 Siege Engineers
45:34 Hoardings
45:18 Heavy Cavalry Archer
46:23 Parthian Tactics
46:17 Thumb Ring
46:25 Masonry
48:22 Leather Archer Armor
48:12 Elite Skirmisher
50:17 Squires
50:03 Gambesons
50:50 Ring Archer Armor
53:10 Banking
54:39 Halberdier
62:35 Plate Mail Armor
Connection lost

Rejoining the realm…

Still unreachable

The connection could not be restored.

Session expired

The server has moved on; the page needs a fresh start.